 Dungeon Crawl Stone Soup version 0.31-a0-826-ga5cc291a1b (webtiles) character file.

Game seed: 12281751020336039439

187 qw the Shooter (level 5, -3/32 HPs)
             Began as a Gargoyle Hunter on Sept 23, 2023.
             Was an Initiate of Okawaru.
             Slain by Blork the orc
             ... wielding a +0 dire flail
              (10 damage)
             ... on level 4 of the Dungeon.
             The game lasted 00:00:51 (2516 turns).

qw the Shooter (Gargoyle Hunter)                    Turns: 2516, Time: 00:00:52

Health: -3/32      AC: 14    Str: 14    XL:     5   Next: 66%
Magic:  5/5        EV: 11    Int: 10    God:    Okawaru [......]
Gold:   138        SH:  0    Dex: 15    Spells: 4/4 levels left

rFire   . . .        Y - +1 shortbow
rCold   . . .        (shield currently unavailable)
rNeg    + . .        a - +4 ring mail
rPois   inf          b - +0 helmet
rElec   +            (no cloak)
rCorr   .            (no gloves)
SInv    .            (no boots)
Will    .....        (no amulet)
Stlth   +            (no ring)
HPRegen 0.25/turn    (no ring)
MPRegen 0.09/turn

%: no passive effects
@: about to teleport
A: sickness immunity, AC +4, negative energy resistance 1, electricity
resistance, torment resistance 1, petrification resistance
a: Renounce Religion


You were on level 4 of the Dungeon.
You worshipped Okawaru.
Okawaru was noncommittal.
You visited 1 branch of the dungeon, and saw 4 of its levels.

You collected 138 gold pieces.


Innate Abilities, Weirdness & Mutations

You are immune to sickness and miasma.
Your stone body is resilient. (AC +4)
You are immune to poison.
You resist negative energy. (rN+)
You are resistant to electric shocks. (rElec)
You are resistant to unholy torment.
You are immune to petrification.


   Skills:
 + Level 3.3 Fighting
 - Level 6.0 Ranged Weapons
 - Level 1.5 Armour
 - Level 1.5 Dodging
 - Level 1.1 Stealth


You had 4 spell levels left.
You didn't know any spells.
Your spell library was empty.

Inventory:

Hand Weapons
 Y - a +1 shortbow (weapon)
Armour
 a - a +4 ring mail (worn)
 b - a +0 helmet (worn)
 i - a +0 ring mail of fire resistance
Scrolls
 g - a scroll of identify
Potions
 e - a potion of haste
 h - a potion of curing {unknown}

Dungeon Overview and Level Annotations

Branches:
Dungeon (4/15)
 Temple: D:4-7

Altars:
Okawaru
Qazlal
Vehumet

Annotations:
D:4 Blork the orc


Message History

You shoot an arrow. The arrow hits Blork the orc.
Blork the orc is lightly wounded.
Blork the orc hits you with a +0 dire flail.
Blork the orc closely misses you.
You shoot an arrow. The arrow hits Blork the orc.
Blork the orc is lightly wounded.
Blork the orc misses you.
You shoot an arrow. The arrow hits Blork the orc!
Blork the orc is moderately wounded.
Blork the orc hits you but does no damage.
The scorpion stings you but does no damage.
Blork the orc hits you but does no damage.
The scorpion stings you but does no damage.
You shoot an arrow. The arrow hits Blork the orc!
Blork the orc is severely wounded.
Blork the orc closely misses you. The scorpion misses you.
Blork the orc closely misses you.
You shoot an arrow. The arrow barely misses Blork the orc.
Blork the orc hits you with a +0 dire flail!
The scorpion closely misses you.
Blork the orc points at you and mumbles some strange words.
The puff of frost hits you! The scorpion closely misses you.
You shoot an arrow. The arrow hits Blork the orc.
Blork the orc is severely wounded.
Blork the orc hits you but does no damage.
The scorpion stings you but does no damage.
Blork the orc points at you and mumbles some strange words.
The puff of flame misses you.
You shoot an arrow. The arrow barely misses Blork the orc.
Blork the orc misses you. The scorpion stings you.
You shoot an arrow. The arrow closely misses Blork the orc.
Blork the orc casts a spell at you. The puff of flame hits you.
The scorpion closely misses you.
Blork the orc begins to cast a cantrip, but forgets the words!
The scorpion barely misses you.
2516 ||| READING scroll of teleportation.
As you read the scroll of teleportation, it crumbles to dust.
You feel strangely unstable.
Blork the orc hits you with a +0 dire flail!
You die...

## .# .. # #
.###.#. #.
%..>...
#.###o......
#...@s#
###<### #.#
#.# ..# ...
###. . .#


You could see Blork the orc (fast) and a scorpion.

Vanquished Creatures
  A hound (D:3)
  Natasha (twice) (D:2)
  An orc wizard (D:3)
  2 adders
  4 worms
  2 dart slugs
  5 orcs
  2 endoplasms
  3 giant cockroaches
  A goblin (D:2)
  5 hobgoblins
  3 jackals
  4 kobolds
  4 ball pythons
  5 bats
  2 frilled lizards
  4 rats (D:1)
50 creatures vanquished.

Notes
Turn   | Place    | Note
-------+----------+-------------------------------------------
     0 | D:1      | qw the Gargoyle Hunter began the quest for the Orb.
     0 | D:1      | Reached XP level 1. HP: 12/12 MP: 1/1
     0 | D:1      | 0 ||| qw: Version: 0.3-a-83-gcd0e7d8
     0 | D:1      | 0 ||| qw: Game counter: 1834
     0 | D:1      | 0 ||| qw: Melee chars always use a shield: true
     0 | D:1      | 0 ||| qw: God list: Okawaru
     0 | D:1      | 0 ||| qw: Allow faded altars: false
     0 | D:1      | 0 ||| qw: Do Orc after clearing Dungeon:15 true
     0 | D:1      | 0 ||| qw: Do second Lair branch before Depths: true
     0 | D:1      | 0 ||| qw: Lair rune preference: random
     0 | D:1      | 0 ||| qw: Goals: Normal
     0 | D:1      | 0 ||| PLANNING D:1-11
   142 | D:1      | Reached XP level 2. HP: 17/17 MP: 2/2
   833 | D:1      | 833 ||| UPGRADING to +0 ring mail of fire resistance.
   843 | D:1      | 843 ||| DROPPING +0 leather armour.
   844 | D:1      | 844 ||| READING scroll labelled RAENAO JUTHREBB.
   848 | D:1      | 848 ||| READING scroll labelled TIESHR ZETARYT.
   849 | D:1      | 849 ||| READING 3 scrolls labelled OTZIZI KUEPLU.
   850 | D:1      | 850 ||| READING scroll labelled TUAP RIEMAHIYP.
   851 | D:1      | 851 ||| READING 2 scrolls of identify.
   851 | D:1      | 851 ||| IDENTIFYING metallic clear potion
   852 | D:1      | 852 ||| DROPPING scroll of butterflies.
   853 | D:1      | 853 ||| DROPPING potion of brilliance.
   924 | D:2      | Reached skill level 1 in Armour
   924 | D:2      | Reached XP level 3. HP: 20/21 MP: 3/3
  1259 | D:2      | Noticed Natasha
  1267 | D:2      | HP: 4/21 [Natasha (8)]
  1270 | D:2      | HP: 1/21 [Natasha (1)]
  1272 | D:2      | Killed Natasha
  1273 | D:2      | Reached skill level 5 in Ranged Weapons
  1273 | D:2      | Reached XP level 4. HP: 1/26 MP: 4/4
  1473 | D:2      | Noticed Natasha
  1480 | D:2      | Killed Natasha
  1570 | D:2      | Reached skill level 3 in Fighting
  1683 | D:2      | 1683 ||| UPGRADING to +0 helmet.
  1688 | D:2      | 1688 ||| READING scroll labelled BIUNEBB BEGIEM.
  1689 | D:2      | 1689 ||| READING scroll labelled PYAT REFFISI.
  1731 | D:3      | 1731 ||| STAIRDANCE
  1866 | D:3      | Reached XP level 5. HP: 24/32 MP: 5/5
  1975 | D:3      | Reached skill level 6 in Ranged Weapons
  2074 | D:3      | Found an iron altar of Okawaru.
  2075 | D:3      | 2075 ||| PLANNING OKAWARU WORSHIP
  2077 | D:3      | 2077 ||| UPGRADING to +4 ring mail.
  2087 | D:3      | 2087 ||| DRINKING 2 fizzy dark potions.
  2094 | D:3      | Became a worshipper of Warmaster Okawaru
  2095 | D:3      | 2095 ||| PLANNING D:1-11
  2184 | D:3      | Found a radiant altar of Vehumet.
  2275 | D:3      | Found a stormy altar of Qazlal.
  2487 | D:3      | 2487 ||| READING scroll labelled HEARAUZIHA.
  2488 | D:3      | 2488 ||| READING 2 scrolls of identify.
  2488 | D:3      | 2488 ||| IDENTIFYING purple potion
  2489 | D:3      | 2489 ||| DROPPING potion of ambrosia.
  2502 | D:4      | Noticed Blork the orc
  2515 | D:4      | HP: 7/32 [Blork the orc/puff of flame (6)]
  2516 | D:4      | 2516 ||| READING scroll of teleportation.
  2516 | D:4      | Slain by Blork the orc

Levels and vault maps discovered:
D:1:      minmay_arrival_split_and_join, layout_basic
D:2:      layout_basic, uniq_natasha
D:3:      layout_loops_ring, nicolae_vehumet_radiance,
          nicolae_qazlal_eye_of_the_storm, okawaru_trees_1,
          minmay_three_crescents
D:4:      layout_loops_ring, uniq_ijyb, uniq_crazy_yiuf_cottage,
          uniq_blork_the_orc

Skill      XL: |  1  2  3  4  5 |
---------------+----------------+-----
Armour         | 1 |  1.5
Ranged Weapons | 5 6 |  6.0
Fighting       | 3 |  3.3
Dodging        | |  1.5
Stealth        | |  1.1

Action                     |  1- 3 |  4- 6 || total
---------------------------+-------+-------++-------
   Fire: Shortbow          |    78 |   117 ||   195
    Use: Scroll            |     5 |     5 ||    10
         Potion            |       |     1 ||     1
 Armour: Ring mail         |    22 |    50 ||    72
  Dodge: Dodged            |    16 |    53 ||    69

Table legend:
 A = Non-vault XP
 B = Vault XP
 C = Vault XP percentage of total XP
 D = Non-vault monster count
 E = Vault monster count
 F = Vault count percentage of total count
                 A         B        C        D         E       F
            +---------+---------+-------+---------+---------+-------
      Total |     218 |      50 |  18.7 |      43 |       7 |  14.0
            +---------+---------+-------+---------+---------+-------
        D:1 |      20 |       0 |   0.0 |      13 |       0 |   0.0
        D:2 |      81 |      36 |  30.8 |      16 |       1 |   5.9
        D:3 |     115 |      14 |  10.9 |      13 |       6 |  31.6
        D:4 |       2 |       0 |   0.0 |       1 |       0 |   0.0
            +---------+---------+-------+---------+---------+-------
